 Dungeon Crawl Stone Soup version 0.28-a0-1638-g9123634e07 (webtiles) character file.

Game seed: 1089014901219036872

11 HallandMoats the Skirmisher (level 2, 0/26 HPs)
             Began as a Ghoul Monk on Jan 25, 2022.
             Slain by a jackal (2 damage)
             ... on level 1 of the Dungeon.
             The game lasted 00:00:40 (397 turns).

HallandMoats the Skirmisher (Ghoul Monk)             Turns: 397, Time: 00:00:40

Health: 0/26       AC:  2    Str: 14    XL:     2   Next: 29%
Magic:  1/1        EV: 12    Int:  5    God:
Gold:   34         SH:  0    Dex: 11    Spells: 1/1 levels left

rFire   . . .      SeeInvis .   a - +0 falchion
rCold   + . .      Faith    .   (no shield)
rNeg    + + +      Spirit   .   b - +0 robe
rPois   ∞          Reflect  .   (no helmet)
rElec   .          Harm     .   (no cloak)
rCorr   .          Rampage  .   (no gloves)
Will    .....                   (no boots)
Stlth   ++........              (no amulet)
HPRegen 0.00/turn               (no ring)
MPRegen 0.07/turn               (no ring)

@: inhibited regen
A: claws 1, cold resistance 1, negative energy resistance 3, inhibited
regeneration, torment resistance 2
a: no special abilities


You were on level 1 of the Dungeon.
You visited 1 branch of the dungeon, and saw 1 of its levels.

You collected 34 gold pieces.

Inventory:

Hand Weapons
 a - a +0 falchion (weapon)
Armour
 b - a +0 robe (worn)
Jewellery
 c - a +6 ring of intelligence
Scrolls
 e - a scroll of noise {unknown}
 f - a scroll of identify {unknown}
Potions
 d - a potion of heal wounds {unknown}


   Skills:
 * Level 3.5 Fighting
 * Level 2.9 Long Blades
 + Level 0.4 Armour
 + Level 2.7 Dodging
 - Level 2.1 Stealth
 + Level 0.3 Invocations


You had one spell level left.
You didn't know any spells.
Your spell library contained the following spells:

 Spells                   Type           Power      Damage    Failure   Level
 Ensorcelled Hibernation  Hex/Ice        0%         N/A       63%         2
 Call Canine Familiar     Summ           0%         N/A       85%         3
 Portal Projectile        Hex/Tloc       0%         N/A       85%         3
 Anguish                  Hex/Necr       0%         N/A       99%         4
 Leda's Liquefaction      Hex/Erth       0%         N/A       99%         4
 Spider Form              Tmut/Pois      Unusable   N/A       N/A         3

Dungeon Overview and Level Annotations

Branches:
Dungeon (1/15)

Altars:


Innate Abilities, Weirdness & Mutations

You thrive by killing the living.
You are immune to poison.
You have sharp fingernails.
Your flesh is cold resistant. (rC+)
You are immune to negative energy. (rN+++)
You do not regenerate when monsters are visible.
You are immune to unholy pain and torment.


Message History

There are monsters nearby!
You are too injured to fight recklessly!
You are too injured to fight recklessly!
You are too injured to fight recklessly!
You barely miss the jackal. The jackal bites you. x3
* * * LOW HITPOINT WARNING * * *
You hit the jackal but do no damage. The jackal bites you.
* * * LOW HITPOINT WARNING * * *
The jackal completely misses you. The jackal barely misses you.
You hit the jackal.
The jackal is severely wounded.
The jackal bites you.
* * * LOW HITPOINT WARNING * * *
The jackal barely misses you.
The jackal bites you but does no damage.
The jackal bites you.
* * * LOW HITPOINT WARNING * * *
The jackal closely misses you.
You hit the jackal but do no damage. The jackal barely misses you.
The jackal closely misses you.
You barely miss the jackal. The jackal barely misses you.
The jackal bites you but does no damage.
The jackal bites you.
* * * LOW HITPOINT WARNING * * *
The jackal closely misses you.
You hit the jackal.
The jackal is moderately wounded.
The jackal misses you. The jackal barely misses you.
The jackal bites you but does no damage.
The jackal closely misses you.
Really walk into that dispersal trap?
You enter a dispersal trap!
The jackal blinks! x6; You blink.
You hit the jackal.
You kill the jackal!
You see here a jackal corpse.
The jackal enters a dispersal trap!
You blink.
The jackal blinks!
You closely miss the jackal.
The jackal is moderately wounded.
The jackal bites you.
You die...

#............# #.......#
#............###.......#
#.....................)# .#
#......................# ..#
#......................##..#
#...........................
######.......###...........#
#.......# #####........
#(....@.# #..)....# #######
#....h#########.....### #.....#
#...................# #.....#
#...................# #.....#
#...................#
#.....####......................
#.....##................##......
#.....##...........†....# ......
#....†..................# #...##


You could see a jackal.

Vanquished Creatures
  An endoplasm (D:1)
  A giant cockroach (D:1)
  2 jackals (D:1)
  2 kobolds (D:1)
  A ball python (D:1)
  A bat (D:1)
  A frilled lizard (D:1)
  2 rats (D:1)
11 creatures vanquished.

Notes
Turn   | Place    | Note
-------+----------+-------------------------------------------
     0 | D:1      | HallandMoats the Ghoul Monk began the quest for the Orb.
     0 | D:1      | Reached XP level 1. HP: 19/19 MP: 0/0
   318 | D:1      | Reached XP level 2. HP: 26/26 MP: 1/1
   397 | D:1      | Slain by a jackal

Illustrated notes

Levels and vault maps discovered:
D:1:      dpeg_arrival_chambers_temple_mockup, layout_basic

Action                   || total
-------------------------++-------
Melee: Falchion          ||    41
 Stab: Sleeping          ||     1
Armor: Robe              ||    11
Dodge: Dodged            ||    44

Table legend: (Time is in decaauts)
 A = Elapsed time spent in this place.
 B = Non-inter-level travel time spent in this place.
 C = Inter-level travel time spent in this place.
 D = Time resting spent in this place.
 E = Time spent auto-exploring this place.
 F = Levels seen in this place.
 G = Mean time per level.
                   A        B        C        D        E       F      G
               +--------+--------+--------+--------+--------+-----+--------+
         Total |    403 |    403 |      0 |      0 |    296 |   1 |  403.0 |
       Dungeon |    403 |    403 |      0 |      0 |    296 |   1 |  403.0 |
               +--------+--------+--------+--------+--------+-----+--------+

Top non-repeatable levels by time:
     D:1: 403 daAuts
